[ PARTIDA AOE2 · #481412397 ]
UnrankedPersas vs Poles
[ ANÁLISIS DE REPETICIÓN · EXTRAÍDO DE LA PARTIDA GRABADA ]
Feudal
11:13
Castillos
14:33
Imperial
—
| APM promedio | 32.0 |
| APM pico | 66 |
| eAPM promedio | 17.1 |
| Aldeanos / militares | 59 / 11 |
Foco
⚔️ 13.7% · 🌾 86.3%
Knight ×10 · Monk ×1
Feudal
10:09
Castillos
—
Imperial
—
| APM promedio | 18.8 |
| APM pico | 54 |
| eAPM promedio | 12.9 |
| Aldeanos / militares | 35 / 0 |
Foco
⚔️ 22.8% · 🌾 77.2%
Feudal
11:50
Castillos
—
Imperial
—
| APM promedio | 23.8 |
| APM pico | 59 |
| eAPM promedio | 11.4 |
| Aldeanos / militares | 46 / 5 |
Foco
⚔️ 17.3% · 🌾 82.7%
Spearman ×5
Feudal
8:59
Castillos
—
Imperial
—
| APM promedio | 27.0 |
| APM pico | 64 |
| eAPM promedio | 14.9 |
| Aldeanos / militares | 41 / 15 |
Foco
⚔️ 28.4% · 🌾 71.6%
Spearman ×10 · Battering Ram ×5
Feudal
11:12
Castillos
21:22
Imperial
—
| APM promedio | 22.2 |
| APM pico | 53 |
| eAPM promedio | 12.4 |
| Aldeanos / militares | 35 / 4 |
Foco
⚔️ 14.5% · 🌾 85.5%
Spearman ×4
Feudal
11:18
Castillos
15:47
Imperial
—
| APM promedio | 27.9 |
| APM pico | 84 |
| eAPM promedio | 13.3 |
| Aldeanos / militares | 43 / 10 |
Foco
⚔️ 12.6% · 🌾 87.4%
Mangonel ×5 · Hussite Wagon ×5
Feudal
11:47
Castillos
14:53
Imperial
—
| APM promedio | 15.3 |
| APM pico | 43 |
| eAPM promedio | 10.5 |
| Aldeanos / militares | 58 / 9 |
Foco
⚔️ 7.1% · 🌾 92.9%
Knight ×5 · Battle Elephant ×3 · Battering Ram ×1
Feudal
10:35
Castillos
16:47
Imperial
—
| APM promedio | 10.4 |
| APM pico | 24 |
| eAPM promedio | 6.8 |
| Aldeanos / militares | 45 / 5 |
Foco
⚔️ 14.2% · 🌾 85.8%
Mangonel ×2 · Spearman ×2 · Battering Ram ×1
Mapa de la partida
Recursos iniciales + cada clic de construcción. Líneas = muros · curvas = relieve. ◆ oro · ⬟ piedra · ● bayas · ✦ reliquia · ◌ hueco del cierre
Tu base· ✓ Cerrada en 14:33 · 0t muro · 2 puerta(s)
Base de aldeanovago· ✓ Cerrada en 12:00 · 0t muro · 3 puerta(s)
Base de Est.in1974· ✓ Cerrada en 19:52 · 4t muro · 3 puerta(s)
Base de Pulse it· ✓ Cerrada en 22:42 · 0t muro · 2 puerta(s)
Base de DschingisKahl· ✓ Cerrada en 21:22 · 13t muro · 3 puerta(s)
Base de RicH33· ✓ Cerrada en 15:47 · 0t muro · 3 puerta(s)
Base de Tormentor· ✓ Cerrada en 14:53 · 0t muro · 2 puerta(s)
Base de ŞaşKomutan· ✓ Cerrada en 16:47 · 0t muro · 3 puerta(s)
Terreno inicial suavizado · ◌ = hueco del cierre detectado · pasá el cursor para detalles
Inputs por minuto
— DerPuck - - aldeanovago
Build order — DerPuck
143 acciones detectadas en el replay
| 0:01 | Crear | Villager (Male) ×5 |
| 0:04 | Construir | House |
| 0:05 | Construir | House |
| 1:36 | Crear | Villager (Male) |
| 1:42 | Construir | Lumber Camp |
| 1:47 | Crear | Villager (Male) |
| 2:24 | Crear | Villager (Male) |
| 2:55 | Construir | House |
| 2:56 | Construir | House |
| 3:02 | Crear | Villager (Male) ×2 |
| 3:15 | Construir | House |
| 3:32 | Crear | Villager (Male) |
| 3:32 | Crear | Villager (Male) |
| 4:13 | Crear | Villager (Male) |
| 4:13 | Crear | Villager (Male) |
| 4:38 | Crear | Villager (Male) |
| 5:10 | Crear | Villager (Male) |
| 5:10 | Crear | Villager (Male) |
| 5:11 | Crear | Villager (Male) |
| 5:29 | Crear | Villager (Male) |
| 5:29 | Crear | Villager (Male) |
| 6:03 | Crear | Villager (Male) |
| 6:08 | Construir | Mill |
| 6:14 | Crear | Villager (Male) |
| 7:06 | Crear | Villager (Male) |
| 7:07 | Crear | Villager (Male) |
| 7:15 | Construir | Lumber Camp |
| 7:26 | Crear | Villager (Male) |
| 8:09 | Crear | Villager (Male) |
| 8:34 | Crear | Villager (Male) |
| 8:36 | Investigar | Feudal Age |
| 8:50 | Construir | Farm |
| 8:55 | Construir | Mining Camp |
| 10:14 | Construir | Farm |
| 10:16 | Crear | Villager (Male) |
| 10:17 | Crear | Villager (Male) |
| 11:13 | Edad | Edad Feudal |
| 11:19 | Construir | Market |
| 11:22 | Construir | Blacksmith |
| 12:07 | Investigar | Castle Age |
| 12:08 | Investigar | Castle Age |
| 12:12 | Investigar | Double-Bit Axe |
| 12:27 | Investigar | Horse Collar |
| 12:31 | Construir | Farm |
| 12:34 | Construir | Farm |
| 12:39 | Construir | Farm |
| 12:42 | Construir | Farm |
| 12:48 | Construir | Farm |
| 13:00 | Crear | Villager (Male) |
| 13:08 | Construir | Barracks |
| 13:34 | Construir | House |
| 13:57 | Investigar | Scale Barding Armor |
| 14:33 | Edad | Edad de los Castillos |
| 14:36 | Crear | Villager (Male) |
| 14:43 | Construir | Stable |
| 14:53 | Crear | Villager (Male) |
| 14:59 | Construir | Town Center |
| 15:04 | Construir | House |
| 15:06 | Construir | House |
| 15:11 | Investigar | Wheelbarrow |
| 15:33 | Construir | House |
| 15:40 | Crear | Knight |
| 15:40 | Crear | Knight |
| 15:45 | Construir | House |
| 15:51 | Crear | Knight |
| 16:13 | Crear | Villager (Male) |
| 16:15 | Crear | Knight |
| 16:30 | Construir | House |
| 16:31 | Construir | House |
| 16:39 | Construir | Farm |
| 16:40 | Construir | Farm |
| 16:44 | Investigar | Bow Saw |
| 16:44 | Investigar | Bow Saw |
| 16:59 | Construir | Farm |
| 17:01 | Construir | Farm |
| 17:07 | Crear | Villager (Male) |
| 17:07 | Crear | Villager (Male) |
| 17:11 | Construir | House |
| 17:24 | Crear | Villager (Male) |
| 17:26 | Crear | Villager (Male) |
| 17:35 | Crear | Villager (Male) |
| 17:46 | Construir | Farm |
| 17:47 | Construir | Farm |
| 17:50 | Construir | Farm |
| 17:54 | Crear | Villager (Male) |
| 17:58 | Construir | House |
| 17:59 | Construir | House |
| 18:25 | Crear | Villager (Male) |
| 18:27 | Crear | Knight |
| 18:45 | Construir | Farm |
| 18:47 | Construir | Farm |
| 18:48 | Construir | Farm |
| 18:49 | Construir | Farm |
| 18:50 | Construir | Farm |
| 18:52 | Crear | Villager (Male) |
| 18:53 | Crear | Villager (Male) |
| 18:56 | Crear | Knight |
| 18:56 | Crear | Knight |
| 19:19 | Construir | House |
| 19:24 | Construir | House |
| 19:25 | Crear | Villager (Male) |
| 19:26 | Crear | Villager (Male) |
| 19:27 | Construir | Farm |
| 19:30 | Construir | Farm |
| 19:33 | Construir | Farm |
| 19:34 | Construir | Farm |
| 19:36 | Crear | Villager (Male) |
| 19:38 | Construir | Farm |
| 19:39 | Construir | Farm |
| 19:40 | Construir | Farm |
| 19:42 | Crear | Villager (Male) |
| 19:43 | Crear | Villager (Male) |
| 19:57 | Investigar | Bloodlines |
| 20:07 | Crear | Knight |
| 20:13 | Crear | Villager (Male) |
| 20:33 | Construir | Stable |
| 21:16 | Construir | Farm |
| 21:18 | Construir | Farm |
| 21:19 | Construir | Farm |
| 21:20 | Construir | Farm |
| 21:30 | Construir | Monastery |
| 21:32 | Crear | Villager (Male) |
| 21:33 | Crear | Villager (Male) |
| 21:33 | Crear | Villager (Male) |
| 21:33 | Crear | Villager (Male) |
| 22:25 | Crear | Monk |
| 22:27 | Construir | House |
| 22:28 | Construir | House |
| 22:28 | Construir | House |
| 22:29 | Construir | House |
| 22:30 | Crear | Villager (Male) |
| 22:31 | Investigar | Hand Cart |
| 22:32 | Investigar | Loom |
| 22:34 | Crear | Villager (Male) |
| 22:34 | Crear | Villager (Male) |
| 22:37 | Crear | Villager (Male) |
| 22:45 | Construir | Town Center |
| 22:47 | Crear | Villager (Male) |
| 22:47 | Crear | Villager (Male) |
| 22:50 | Crear | Knight |
| 22:50 | Crear | Knight |
| 23:02 | Construir | Farm |
| 23:05 | Crear | Villager (Male) |
Build order — aldeanovago
63 acciones detectadas en el replay
| 0:03 | Crear | Villager (Male) |
| 0:03 | Crear | Villager (Male) |
| 0:04 | Construir | House |
| 0:05 | Construir | House |
| 0:06 | Crear | Villager (Male) |
| 0:06 | Crear | Villager (Male) |
| 0:07 | Crear | Villager (Male) |
| 1:44 | Crear | Villager (Male) |
| 1:45 | Crear | Villager (Male) |
| 1:50 | Crear | Villager (Male) |
| 2:07 | Construir | Lumber Camp |
| 2:25 | Crear | Villager (Male) |
| 2:54 | Crear | Villager (Male) |
| 2:54 | Crear | Villager (Male) |
| 3:26 | Crear | Villager (Male) |
| 3:44 | Crear | Villager (Male) |
| 3:44 | Crear | Villager (Male) |
| 3:57 | Construir | House |
| 4:05 | Crear | Villager (Male) |
| 4:05 | Crear | Villager (Male) |
| 4:05 | Crear | Villager (Male) |
| 4:36 | Construir | House |
| 4:42 | Crear | Villager (Male) |
| 4:46 | Crear | Villager (Male) |
| 5:03 | Crear | Villager (Male) |
| 5:40 | Crear | Villager (Male) |
| 5:41 | Crear | Villager (Male) |
| 6:29 | Construir | Mill |
| 6:54 | Investigar | Loom |
| 8:06 | Investigar | Feudal Age |
| 10:09 | Edad | Edad Feudal |
| 10:12 | Construir | Watch Tower |
| 10:22 | Construir | Mining Camp |
| 10:24 | Crear | Villager (Male) |
| 10:25 | Crear | Villager (Male) |
| 10:26 | Crear | Villager (Male) |
| 10:26 | Crear | Villager (Male) |
| 11:07 | Crear | Villager (Male) |
| 12:15 | Construir | House |
| 12:21 | Investigar | Town Watch |
| 12:21 | Crear | Villager (Male) |
| 13:02 | Construir | House |
| 13:45 | Construir | Watch Tower |
| 16:00 | Construir | Town Center |
| 16:20 | Construir | House |
| 16:23 | Construir | House |
| 17:04 | Crear | Villager (Male) |
| 17:04 | Crear | Villager (Male) |
| 17:37 | Construir | Market |
| 17:52 | Construir | Outpost |
| 18:14 | Construir | Outpost |
| 18:47 | Construir | Palisade Wall |
| 19:03 | Construir | Watch Tower |
| 19:20 | Crear | Villager (Male) |
| 19:20 | Crear | Villager (Male) |
| 19:20 | Crear | Villager (Male) |
| 19:34 | Construir | Blacksmith |
| 20:10 | Construir | Palisade Wall |
| 20:12 | Construir | Palisade Wall |
| 20:22 | Crear | Villager (Male) |
| 20:23 | Crear | Villager (Male) |
| 21:06 | Construir | Town Center |
| 21:26 | Investigar | Double-Bit Axe |
Build order — Est.in1974
103 acciones detectadas en el replay
| 0:03 | Crear | Villager (Male) |
| 0:03 | Crear | Villager (Male) |
| 0:03 | Crear | Villager (Male) |
| 0:04 | Crear | Villager (Male) |
| 0:07 | Construir | House |
| 0:08 | Construir | House |
| 0:10 | Construir | House |
| 1:36 | Crear | Villager (Male) |
| 2:10 | Crear | Villager (Male) |
| 2:10 | Crear | Villager (Male) |
| 2:18 | Construir | Lumber Camp |
| 2:31 | Crear | Villager (Male) |
| 3:00 | Crear | Villager (Male) |
| 3:23 | Crear | Villager (Male) |
| 3:42 | Crear | Villager (Male) |
| 4:07 | Crear | Villager (Male) |
| 4:07 | Crear | Villager (Male) |
| 4:33 | Crear | Villager (Male) |
| 4:46 | Construir | Mill |
| 5:29 | Crear | Villager (Male) |
| 5:47 | Crear | Villager (Male) |
| 5:57 | Crear | Villager (Male) |
| 6:37 | Crear | Villager (Male) |
| 6:37 | Crear | Villager (Male) |
| 6:47 | Crear | Villager (Male) |
| 7:13 | Crear | Villager (Male) |
| 7:13 | Crear | Villager (Male) |
| 7:17 | Crear | Villager (Male) |
| 7:33 | Crear | Villager (Male) |
| 7:50 | Construir | Mill |
| 8:02 | Crear | Villager (Male) |
| 8:06 | Construir | House |
| 8:26 | Construir | Mining Camp |
| 9:31 | Investigar | Feudal Age |
| 9:51 | Construir | Barracks |
| 10:37 | Construir | House |
| 11:07 | Crear | Villager (Male) |
| 11:11 | Investigar | Loom |
| 11:50 | Edad | Edad Feudal |
| 11:52 | Construir | Blacksmith |
| 11:55 | Investigar | Horse Collar |
| 11:57 | Investigar | Double-Bit Axe |
| 12:18 | Construir | Watch Tower |
| 12:23 | Crear | Villager (Male) |
| 12:23 | Crear | Villager (Male) |
| 12:28 | Investigar | Fletching |
| 12:31 | Construir | House |
| 12:32 | Construir | House |
| 12:33 | Construir | Palisade Wall |
| 12:34 | Construir | Palisade Wall |
| 12:34 | Construir | Palisade Wall |
| 12:38 | Crear | Spearman |
| 12:38 | Crear | Spearman |
| 12:38 | Crear | Spearman |
| 12:41 | Construir | House |
| 12:42 | Construir | Palisade Wall |
| 12:46 | Construir | House |
| 12:47 | Construir | House |
| 12:48 | Crear | Villager (Male) |
| 12:48 | Crear | Villager (Male) |
| 13:01 | Construir | Watch Tower |
| 13:02 | Crear | Spearman |
| 13:02 | Crear | Spearman |
| 13:19 | Crear | Villager (Male) |
| 13:20 | Crear | Villager (Male) |
| 13:29 | Construir | Watch Tower |
| 13:31 | Crear | Villager (Male) |
| 13:31 | Crear | Villager (Male) |
| 13:39 | Crear | Villager (Male) |
| 13:39 | Crear | Villager (Male) |
| 14:59 | Crear | Villager (Male) |
| 15:00 | Crear | Villager (Male) |
| 15:06 | Construir | Farm |
| 15:06 | Construir | Farm |
| 15:07 | Construir | Farm |
| 15:08 | Construir | Farm |
| 15:40 | Construir | Stable |
| 15:41 | Crear | Villager (Male) |
| 15:42 | Crear | Villager (Male) |
| 16:04 | Construir | Farm |
| 16:04 | Construir | Farm |
| 16:19 | Crear | Villager (Male) |
| 16:19 | Crear | Villager (Male) |
| 16:22 | Construir | House |
| 16:29 | Construir | House |
| 17:03 | Construir | Farm |
| 17:04 | Construir | Farm |
| 17:40 | Construir | Farm |
| 17:46 | Crear | Villager (Male) |
| 18:03 | Construir | Lumber Camp |
| 18:15 | Construir | Farm |
| 18:16 | Construir | Farm |
| 18:24 | Construir | Farm |
| 18:39 | Construir | Farm |
| 18:51 | Crear | Villager (Male) |
| 19:08 | Construir | Market |
| 19:11 | Crear | Villager (Male) |
| 19:11 | Crear | Villager (Male) |
| 19:27 | Construir | Farm |
| 19:36 | Construir | Farm |
| 19:52 | Investigar | Castle Age |
| 19:57 | Construir | Farm |
| 20:03 | Construir | Farm |
Build order — Pulse it
99 acciones detectadas en el replay
| 0:01 | Crear | Villager (Male) |
| 0:01 | Crear | Villager (Male) |
| 0:01 | Crear | Villager (Male) |
| 0:02 | Crear | Villager (Male) |
| 0:03 | Construir | House |
| 0:04 | Construir | House |
| 1:30 | Crear | Villager (Male) |
| 1:47 | Construir | Lumber Camp |
| 1:56 | Crear | Villager (Male) |
| 2:29 | Crear | Villager (Male) |
| 2:57 | Crear | Villager (Male) |
| 2:57 | Crear | Villager (Male) |
| 2:58 | Crear | Villager (Male) |
| 3:30 | Construir | House |
| 3:38 | Crear | Villager (Male) |
| 4:12 | Crear | Villager (Male) |
| 4:12 | Crear | Villager (Male) |
| 4:18 | Construir | Mill |
| 4:42 | Crear | Villager (Male) |
| 5:14 | Crear | Villager (Male) |
| 5:19 | Construir | House |
| 5:39 | Crear | Villager (Male) |
| 6:12 | Investigar | Loom |
| 6:49 | Investigar | Feudal Age |
| 7:26 | Construir | Mining Camp |
| 7:47 | Construir | Lumber Camp |
| 8:15 | Crear | Villager (Male) |
| 8:16 | Crear | Villager (Male) |
| 8:59 | Edad | Edad Feudal |
| 9:07 | Construir | Barracks |
| 9:14 | Crear | Villager (Male) |
| 9:23 | Construir | Blacksmith |
| 9:43 | Crear | Spearman |
| 9:46 | Crear | Villager (Male) |
| 10:37 | Construir | Siege Workshop |
| 10:41 | Crear | Villager (Male) |
| 10:42 | Crear | Villager (Male) |
| 10:56 | Crear | Spearman |
| 10:56 | Crear | Spearman |
| 11:04 | Construir | House |
| 11:14 | Investigar | Town Watch |
| 11:38 | Crear | Battering Ram |
| 11:54 | Construir | Watch Tower |
| 11:59 | Crear | Spearman |
| 11:59 | Crear | Spearman |
| 12:02 | Crear | Villager (Male) |
| 12:22 | Crear | Spearman |
| 12:32 | Construir | Farm |
| 12:33 | Construir | Farm |
| 12:34 | Construir | Farm |
| 12:44 | Crear | Villager (Male) |
| 12:46 | Construir | House |
| 13:26 | Crear | Villager (Male) |
| 13:55 | Crear | Spearman |
| 13:56 | Crear | Spearman |
| 13:59 | Construir | Farm |
| 14:00 | Construir | Farm |
| 14:02 | Construir | Farm |
| 14:02 | Construir | Farm |
| 14:20 | Crear | Villager (Male) |
| 15:08 | Crear | Villager (Male) |
| 15:10 | Construir | Farm |
| 15:11 | Construir | Farm |
| 15:18 | Construir | Archery Range |
| 15:44 | Construir | Mining Camp |
| 15:48 | Crear | Villager (Male) |
| 16:05 | Crear | Spearman |
| 16:05 | Crear | Spearman |
| 16:22 | Construir | Farm |
| 16:25 | Crear | Villager (Male) |
| 16:25 | Crear | Villager (Male) |
| 16:44 | Construir | Farm |
| 16:45 | Construir | Farm |
| 16:51 | Crear | Villager (Male) |
| 17:35 | Crear | Villager (Male) |
| 17:45 | Crear | Battering Ram |
| 17:57 | Construir | Mining Camp |
| 18:06 | Crear | Villager (Male) |
| 18:09 | Construir | Farm |
| 18:21 | Investigar | Double-Bit Axe |
| 18:23 | Crear | Villager (Male) |
| 18:38 | Construir | House |
| 18:40 | Construir | House |
| 19:15 | Crear | Battering Ram |
| 19:37 | Crear | Villager (Male) |
| 19:37 | Crear | Villager (Male) |
| 19:42 | Construir | Mill |
| 19:43 | Crear | Villager (Male) |
| 19:55 | Crear | Battering Ram |
| 20:07 | Crear | Villager (Male) |
| 20:52 | Construir | Market |
| 21:21 | Crear | Villager (Male) |
| 21:40 | Crear | Villager (Male) |
| 21:54 | Construir | Town Center |
| 22:18 | Crear | Villager (Male) |
| 22:20 | Construir | Farm |
| 22:27 | Crear | Battering Ram |
| 22:40 | Construir | Farm |
| 22:42 | Investigar | Castle Age |
Build order — DschingisKahl
67 acciones detectadas en el replay
| 0:02 | Crear | Villager (Male) |
| 0:02 | Crear | Villager (Male) |
| 0:02 | Crear | Villager (Male) |
| 0:03 | Crear | Villager (Male) |
| 0:03 | Crear | Villager (Male) |
| 0:05 | Construir | House |
| 0:07 | Construir | House |
| 1:55 | Construir | Lumber Camp |
| 2:14 | Crear | Villager (Male) |
| 2:14 | Crear | Villager (Male) |
| 2:15 | Crear | Villager (Male) |
| 2:40 | Crear | Villager (Male) |
| 3:14 | Crear | Villager (Male) |
| 3:33 | Construir | House |
| 3:36 | Construir | Palisade Wall |
| 4:11 | Crear | Villager (Male) |
| 4:11 | Crear | Villager (Male) |
| 4:11 | Crear | Villager (Male) |
| 4:11 | Crear | Villager (Male) |
| 4:38 | Crear | Villager (Male) |
| 4:45 | Construir | House |
| 5:27 | Construir | Mill |
| 6:07 | Crear | Villager (Male) |
| 6:07 | Crear | Villager (Male) |
| 6:07 | Crear | Villager (Male) |
| 6:08 | Crear | Villager (Male) |
| 6:08 | Crear | Villager (Male) |
| 6:09 | Crear | Villager (Male) |
| 7:29 | Construir | Mining Camp |
| 7:46 | Crear | Villager (Male) |
| 7:46 | Crear | Villager (Male) |
| 8:25 | Investigar | Feudal Age |
| 8:39 | Crear | Villager (Male) |
| 9:00 | Crear | Villager (Male) |
| 10:04 | Construir | House |
| 10:24 | Construir | House |
| 10:27 | Construir | House |
| 10:33 | Construir | Mining Camp |
| 10:55 | Crear | Villager (Male) |
| 10:55 | Crear | Villager (Male) |
| 10:56 | Crear | Villager (Male) |
| 11:12 | Edad | Edad Feudal |
| 11:15 | Construir | Watch Tower |
| 11:29 | Construir | Stone Wall |
| 11:30 | Construir | Stone Wall |
| 11:57 | Crear | Villager (Male) |
| 11:58 | Crear | Villager (Male) |
| 12:28 | Construir | Market |
| 12:33 | Construir | House |
| 13:22 | Construir | Watch Tower |
| 13:29 | Construir | House |
| 13:36 | Crear | Villager (Male) |
| 13:36 | Crear | Villager (Male) |
| 13:39 | Crear | Villager (Male) |
| 13:39 | Crear | Villager (Male) |
| 14:37 | Crear | Villager (Male) |
| 16:34 | Investigar | Loom |
| 17:53 | Construir | Stone Wall |
| 18:03 | Construir | Blacksmith |
| 18:42 | Investigar | Castle Age |
| 19:06 | Construir | Barracks |
| 19:26 | Construir | Barracks |
| 20:05 | Crear | Spearman |
| 20:05 | Crear | Spearman |
| 20:05 | Crear | Spearman |
| 20:06 | Crear | Spearman |
| 21:22 | Edad | Edad de los Castillos |
Build order — RicH33
89 acciones detectadas en el replay
| 0:01 | Crear | Villager (Male) |
| 0:01 | Crear | Villager (Male) |
| 0:01 | Crear | Villager (Male) |
| 0:02 | Construir | House |
| 0:04 | Construir | House |
| 0:28 | Crear | Villager (Male) |
| 0:28 | Crear | Villager (Male) |
| 1:25 | Crear | Villager (Male) |
| 1:25 | Crear | Villager (Male) |
| 1:48 | Construir | Lumber Camp |
| 1:50 | Crear | Villager (Male) |
| 2:12 | Construir | House |
| 2:13 | Construir | House |
| 2:39 | Crear | Villager (Male) |
| 2:39 | Crear | Villager (Male) |
| 2:55 | Crear | Villager (Male) |
| 2:59 | Crear | Villager (Male) |
| 3:44 | Crear | Villager (Male) |
| 3:44 | Crear | Villager (Male) |
| 4:07 | Crear | Villager (Male) |
| 4:07 | Crear | Villager (Male) |
| 4:41 | Crear | Villager (Male) |
| 4:42 | Crear | Villager (Male) |
| 4:42 | Crear | Villager (Male) |
| 5:24 | Crear | Villager (Male) |
| 5:24 | Crear | Villager (Male) |
| 5:24 | Crear | Villager (Male) |
| 5:51 | Crear | Villager (Male) |
| 6:03 | Construir | Mill |
| 6:16 | Construir | Mill |
| 6:26 | Crear | Villager (Male) |
| 7:11 | Construir | House |
| 7:27 | Crear | Villager (Male) |
| 7:30 | Construir | Mining Camp |
| 7:44 | Crear | Villager (Male) |
| 8:00 | Crear | Villager (Male) |
| 8:07 | Construir | Mining Camp |
| 9:08 | Investigar | Feudal Age |
| 9:19 | Construir | Farm |
| 9:24 | Construir | Farm |
| 10:04 | Construir | House |
| 10:58 | Crear | Villager (Male) |
| 10:58 | Crear | Villager (Male) |
| 11:18 | Edad | Edad Feudal |
| 11:28 | Construir | Market |
| 11:36 | Construir | Blacksmith |
| 11:43 | Construir | Market |
| 11:47 | Crear | Villager (Male) |
| 12:42 | Investigar | Loom |
| 12:54 | Investigar | Castle Age |
| 14:40 | Investigar | Double-Bit Axe |
| 14:42 | Investigar | Horse Collar |
| 15:17 | Investigar | Fletching |
| 15:47 | Edad | Edad de los Castillos |
| 15:53 | Construir | Castle |
| 15:55 | Crear | Villager (Male) |
| 15:55 | Crear | Villager (Male) |
| 15:56 | Crear | Villager (Male) |
| 16:20 | Construir | House |
| 16:25 | Construir | House |
| 16:43 | Crear | Villager (Male) |
| 16:58 | Investigar | Bodkin Arrow |
| 17:09 | Construir | Town Center |
| 17:17 | Construir | Palisade Wall |
| 17:27 | Construir | Palisade Wall |
| 17:49 | Construir | Siege Workshop |
| 17:52 | Construir | Mining Camp |
| 17:56 | Crear | Villager (Male) |
| 17:56 | Crear | Villager (Male) |
| 18:03 | Crear | Villager (Male) |
| 18:23 | Construir | University |
| 18:37 | Crear | Villager (Male) |
| 18:46 | Construir | Town Center |
| 19:21 | Crear | Mangonel |
| 19:21 | Crear | Mangonel |
| 19:36 | Crear | Hussite Wagon |
| 19:38 | Crear | Villager (Male) |
| 19:55 | Crear | Hussite Wagon |
| 19:56 | Crear | Hussite Wagon |
| 21:04 | Crear | Hussite Wagon |
| 21:04 | Crear | Hussite Wagon |
| 21:18 | Crear | Villager (Male) |
| 21:18 | Crear | Villager (Male) |
| 21:19 | Crear | Villager (Male) |
| 21:48 | Crear | Mangonel |
| 21:49 | Crear | Mangonel |
| 21:49 | Crear | Mangonel |
| 22:51 | Construir | Barracks |
| 22:53 | Crear | Villager (Male) |
Build order — Tormentor
120 acciones detectadas en el replay
| 0:01 | Crear | Villager (Male) |
| 0:01 | Crear | Villager (Male) |
| 0:02 | Crear | Villager (Male) |
| 0:02 | Crear | Villager (Male) |
| 0:04 | Construir | House |
| 0:06 | Construir | House |
| 1:31 | Crear | Villager (Male) |
| 1:47 | Construir | Lumber Camp |
| 1:50 | Crear | Villager (Male) |
| 2:23 | Crear | Villager (Male) |
| 2:23 | Crear | Villager (Male) |
| 3:03 | Crear | Villager (Male) |
| 3:03 | Crear | Villager (Male) |
| 3:04 | Crear | Villager (Male) |
| 3:04 | Crear | Villager (Male) |
| 3:31 | Crear | Villager (Male) |
| 4:07 | Crear | Villager (Male) |
| 4:08 | Crear | Villager (Male) |
| 4:08 | Crear | Villager (Male) |
| 4:08 | Crear | Villager (Male) |
| 4:12 | Construir | House |
| 4:27 | Construir | Mill |
| 4:47 | Crear | Villager (Male) |
| 4:47 | Crear | Villager (Male) |
| 5:02 | Crear | Villager (Male) |
| 5:55 | Crear | Villager (Male) |
| 5:55 | Crear | Villager (Male) |
| 6:29 | Construir | House |
| 6:36 | Crear | Villager (Male) |
| 7:10 | Crear | Villager (Male) |
| 7:13 | Crear | Villager (Male) |
| 7:16 | Crear | Villager (Male) |
| 7:16 | Crear | Villager (Male) |
| 7:53 | Construir | Mining Camp |
| 8:55 | Investigar | Loom |
| 8:57 | Investigar | Feudal Age |
| 11:10 | Construir | Farm |
| 11:10 | Construir | Farm |
| 11:13 | Construir | Farm |
| 11:13 | Construir | Farm |
| 11:14 | Construir | Farm |
| 11:17 | Construir | Farm |
| 11:20 | Construir | Farm |
| 11:21 | Construir | Farm |
| 11:47 | Edad | Edad Feudal |
| 11:48 | Construir | Lumber Camp |
| 11:52 | Investigar | Wheelbarrow |
| 12:13 | Investigar | Castle Age |
| 12:51 | Construir | House |
| 12:53 | Construir | House |
| 12:55 | Construir | House |
| 12:59 | Investigar | Double-Bit Axe |
| 13:02 | Investigar | Horse Collar |
| 14:04 | Investigar | Wheelbarrow |
| 14:16 | Construir | Stable |
| 14:25 | Construir | House |
| 14:53 | Edad | Edad de los Castillos |
| 14:59 | Construir | Town Center |
| 15:30 | Construir | Town Center |
| 15:45 | Crear | Battle Elephant |
| 15:48 | Investigar | Husbandry |
| 15:50 | Crear | Villager (Male) |
| 15:50 | Crear | Villager (Male) |
| 16:26 | Investigar | Bow Saw |
| 16:54 | Crear | Villager (Male) |
| 16:55 | Crear | Villager (Male) |
| 17:47 | Construir | House |
| 17:49 | Construir | House |
| 17:51 | Construir | House |
| 17:55 | Crear | Battle Elephant |
| 17:58 | Crear | Villager (Male) |
| 17:58 | Crear | Villager (Male) |
| 17:59 | Crear | Villager (Male) |
| 17:59 | Crear | Villager (Male) |
| 18:04 | Construir | Farm |
| 18:04 | Construir | Farm |
| 18:05 | Construir | Farm |
| 18:16 | Construir | Stable |
| 18:26 | Crear | Villager (Male) |
| 18:26 | Crear | Villager (Male) |
| 18:41 | Construir | Farm |
| 18:42 | Construir | Farm |
| 18:42 | Construir | Farm |
| 18:43 | Construir | Farm |
| 18:43 | Construir | Farm |
| 18:44 | Crear | Villager (Male) |
| 18:45 | Crear | Villager (Male) |
| 19:00 | Construir | Stable |
| 19:02 | Crear | Villager (Male) |
| 19:19 | Construir | Farm |
| 19:26 | Construir | House |
| 19:28 | Crear | Villager (Male) |
| 19:28 | Crear | Villager (Male) |
| 19:29 | Crear | Villager (Male) |
| 19:29 | Crear | Villager (Male) |
| 19:38 | Crear | Knight |
| 19:55 | Crear | Villager (Male) |
| 19:55 | Crear | Villager (Male) |
| 20:02 | Construir | House |
| 20:04 | Construir | House |
| 20:05 | Construir | House |
| 20:07 | Crear | Villager (Male) |
| 20:07 | Crear | Villager (Male) |
| 20:07 | Crear | Villager (Male) |
| 20:13 | Construir | Siege Workshop |
| 20:23 | Crear | Battle Elephant |
| 20:32 | Crear | Villager (Male) |
| 20:37 | Crear | Villager (Male) |
| 20:37 | Crear | Villager (Male) |
| 20:41 | Construir | Farm |
| 20:42 | Construir | Farm |
| 20:45 | Crear | Villager (Male) |
| 20:52 | Crear | Villager (Male) |
| 20:52 | Crear | Villager (Male) |
| 21:04 | Crear | Battering Ram |
| 21:09 | Construir | Farm |
| 21:10 | Crear | Villager (Male) |
| 21:11 | Crear | Villager (Male) |
| 21:11 | Crear | Villager (Male) |
| 22:05 | Crear | Knight ×4 |
Build order — ŞaşKomutan
85 acciones detectadas en el replay
| 0:03 | Crear | Villager (Male) |
| 0:03 | Investigar | Loom |
| 0:04 | Crear | Villager (Male) ×4 |
| 0:06 | Construir | House |
| 0:15 | Construir | House |
| 0:43 | Construir | House |
| 0:44 | Construir | House |
| 1:43 | Crear | Villager (Male) |
| 2:17 | Crear | Villager (Male) |
| 2:17 | Crear | Villager (Male) |
| 2:39 | Construir | Lumber Camp |
| 2:59 | Crear | Villager (Male) |
| 3:00 | Crear | Villager (Male) |
| 3:11 | Crear | Villager (Male) |
| 3:39 | Crear | Villager (Male) ×2 |
| 4:08 | Crear | Villager (Male) |
| 4:09 | Crear | Villager (Male) |
| 4:39 | Crear | Villager (Male) |
| 4:45 | Crear | Villager (Male) |
| 5:03 | Crear | Villager (Male) |
| 5:15 | Crear | Villager (Male) |
| 5:32 | Crear | Villager (Male) |
| 5:33 | Crear | Villager (Male) |
| 5:33 | Crear | Villager (Male) |
| 5:50 | Crear | Villager (Male) |
| 7:07 | Construir | House |
| 7:08 | Construir | House |
| 7:43 | Construir | Mill |
| 8:06 | Crear | Villager (Male) |
| 8:10 | Construir | Mill |
| 8:31 | Investigar | Feudal Age |
| 8:36 | Construir | House |
| 8:47 | Construir | House |
| 8:47 | Construir | House |
| 10:16 | Construir | Barracks |
| 10:25 | Construir | Barracks |
| 10:30 | Crear | Villager (Male) ×5 |
| 10:35 | Edad | Edad Feudal |
| 11:03 | Construir | Mining Camp |
| 11:31 | Construir | Blacksmith |
| 12:32 | Construir | Mining Camp |
| 12:42 | Construir | Market |
| 12:49 | Crear | Villager (Male) |
| 12:49 | Crear | Villager (Male) |
| 13:36 | Crear | Villager (Male) |
| 13:37 | Crear | Villager (Male) |
| 14:08 | Construir | Farm |
| 14:08 | Construir | Farm |
| 14:08 | Construir | Farm |
| 14:09 | Construir | Farm |
| 14:09 | Construir | Farm |
| 14:09 | Construir | Farm |
| 14:12 | Investigar | Castle Age |
| 16:47 | Edad | Edad de los Castillos |
| 16:48 | Crear | Villager (Male) |
| 16:48 | Crear | Villager (Male) |
| 17:22 | Construir | Siege Workshop |
| 17:38 | Crear | Villager (Male) |
| 17:38 | Crear | Villager (Male) |
| 17:39 | Construir | Farm |
| 18:04 | Construir | Farm |
| 18:06 | Crear | Villager (Male) |
| 18:23 | Construir | Lumber Camp |
| 18:27 | Construir | Farm |
| 18:29 | Crear | Villager (Male) |
| 18:38 | Construir | Town Center |
| 18:45 | Construir | Farm |
| 18:46 | Investigar | Double-Bit Axe |
| 18:49 | Crear | Mangonel |
| 19:00 | Construir | House |
| 19:02 | Construir | House |
| 19:03 | Construir | House |
| 19:09 | Construir | Farm |
| 19:11 | Crear | Villager (Male) |
| 19:11 | Crear | Villager (Male) |
| 19:55 | Investigar | Pikeman (upgrade) |
| 19:57 | Crear | Villager (Male) |
| 19:57 | Crear | Villager (Male) |
| 20:14 | Crear | Mangonel |
| 20:33 | Crear | Battering Ram |
| 20:36 | Crear | Spearman |
| 20:36 | Crear | Spearman |
| 20:40 | Crear | Villager (Male) |
| 20:40 | Crear | Villager (Male) |
| 21:01 | Construir | Monastery |
Cronología de la partida
| 3:36 | DschingisKahl · wall_segment Palisade Wall x1 |
| 8:59 | Pulse it · age_up feudal |
| 9:07 | Pulse it · first_building Barracks |
| 9:51 | Est.in1974 · first_building Barracks |
| 10:09 | aldeanovago · age_up feudal |
| 10:16 | ŞaşKomutan · first_building Barracks |
| 10:35 | ŞaşKomutan · age_up feudal |
| 10:37 | Pulse it · first_building Siege Workshop |
| 11:12 | DschingisKahl · age_up feudal |
| 11:13 | DerPuck · age_up feudal |
| 11:18 | RicH33 · age_up feudal |
| 11:29 | DschingisKahl · wall_segment Stone Wall x1 |
| 11:30 | DschingisKahl · wall_segment Stone Wall x1 |
| 11:47 | Tormentor · age_up feudal |
| 11:50 | Est.in1974 · age_up feudal |
| 12:33 | Est.in1974 · wall_segment Palisade Wall x1 |
| 12:34 | Est.in1974 · wall_segment Palisade Wall x1 |
| 12:34 | Est.in1974 · wall_segment Palisade Wall x1 |
| 12:42 | Est.in1974 · wall_segment Palisade Wall x1 |
| 13:08 | DerPuck · first_building Barracks |
| 14:09 | RicH33 · first_market_sell 100 food |
| 14:10 | RicH33 · first_market_buy 100 stone |
| 14:16 | Tormentor · first_building Stable |
| 14:33 | DerPuck · age_up castle |
| 14:41 | DschingisKahl · first_market_buy 100 food |
| 14:43 | DerPuck · first_building Stable |
| 14:45 | DschingisKahl · first_market_sell 100 wood |
| 14:50 | DerPuck · first_market_sell 100 food |
| 14:53 | Tormentor · age_up castle |
| 15:18 | Pulse it · first_building Archery Range |
| 15:40 | Est.in1974 · first_building Stable |
| 15:47 | RicH33 · age_up castle |
| 15:53 | RicH33 · first_building Castle |
| 16:47 | ŞaşKomutan · age_up castle |
| 17:17 | RicH33 · wall_segment Palisade Wall x1 |
| 17:22 | ŞaşKomutan · first_building Siege Workshop |
| 17:27 | RicH33 · wall_segment Palisade Wall x1 |
| 17:49 | RicH33 · first_building Siege Workshop |
| 17:53 | DschingisKahl · wall_segment Stone Wall x10 |
| 18:47 | aldeanovago · wall_segment Palisade Wall x8 |
| 19:06 | DschingisKahl · first_building Barracks |
| 19:15 | aldeanovago · first_market_sell 100 wood |
| 19:16 | aldeanovago · first_market_buy 100 food |
| 19:42 | Est.in1974 · first_market_sell 100 wood |
| 20:10 | aldeanovago · wall_segment Palisade Wall x12 |
| 20:12 | aldeanovago · wall_segment Palisade Wall x7 |
| 20:13 | Tormentor · first_building Siege Workshop |
| 21:01 | ŞaşKomutan · first_building Monastery |
| 21:18 | ŞaşKomutan · resign |
| 21:22 | DschingisKahl · age_up castle |
| 21:30 | DerPuck · first_building Monastery |
| 21:52 | Pulse it · first_market_buy 100 stone |
| 22:42 | DerPuck · first_market_buy 100 wood |
| 22:51 | RicH33 · first_building Barracks |
[ ANÁLISIS IA · 1 CRÉDITO ]
¿Qué pasó realmente en esta partida?
Wolo.gg analiza cada decisión: build order, eco, micro, errores típicos por bracket. Análisis personalizado por WhatsApp o Discord en 30 segundos.
Guía civ
Persas
Perfil
Jugador #167650